 Dungeon Crawl Stone Soup version 0.26-a0-259-g1effd001a9 (webtiles) character file.

Game seed: 15816329991816987936

82791 HoaS the Brawler (level 15, -2/105 HPs)
             Began as a Gargoyle Gladiator on July 12, 2020.
             Was the Champion of Makhleb.
             Slain by a phantasmal warrior (26 damage)
             ... led by a death knight
             ... on level 15 of the Dungeon.
             The game lasted 00:59:01 (21874 turns).

HoaS the Brawler (Gargoyle Gladiator)              Turns: 21874, Time: 00:59:02

Health: -2/105     AC: 27    Str: 24    XL:     15   Next: 74%
Magic:  15/15      EV:  7    Int:  9    God:    Makhleb [******]
Gold:   1586       SH:  0    Dex: 11    Spells: 14/14 levels left

rFire    . . .     SeeInvis .     - Unarmed
rCold    . . .     Faith    .   (no shield)
rNeg     + . .     Spirit   .   A - +0 plate armour
rPois    ∞         Reflect  .   b - +0 helmet
rElec    +         Harm     .   H - +0 cloak
rCorr    .                      p - +2 pair of gloves
MR       +++..                  L - +0 pair of boots
Stlth    ..........             F - amulet of the acrobat
HPRegen  0.27/turn              C - ring of protection from magic
MPRegen  0.14/turn              s - ring of protection from magic

@: flying, hasted, very quick
A: big wings, negative energy resistance 1, electricity resistance, unbreathing,
petrification resistance, rot immunity, AC +11
a: Stop Flying, Minor Destruction, Lesser Servant of Makhleb, Major Destruction,
Greater Servant of Makhleb, Renounce Religion


You were on level 15 of the Dungeon.
You worshipped Makhleb.
Makhleb was exalted by your worship.
You were not hungry.

You visited 3 branches of the dungeon, and saw 22 of its levels.
You also visited: Volcano.

You collected 1586 gold pieces.

Inventory:

Missiles
 c - 2 throwing nets (quivered)
 r - 90 poisoned darts
 z - 11 curare-tipped darts
 E - 7 javelins
 R - 8 atropa-tipped darts
 V - 16 silver javelins
 W - 8 boomerangs
Armour
 b - a +0 helmet (worn)
 p - a +2 pair of gloves (worn)
 A - a +0 plate armour (worn)
 H - a +0 cloak (worn)
 L - a +0 pair of boots (worn)
Jewellery
 k - an uncursed ring of positive energy
 n - an uncursed ring of stealth
 s - a ring of protection from magic (right hand)
 v - a +4 ring of evasion
 C - a ring of protection from magic (left hand)
 D - an uncursed ring of ice
 F - an amulet of the acrobat (around neck)
 J - an uncursed amulet of faith
 O - an uncursed ring of ice
 Q - an uncursed ring of positive energy
 T - a +6 ring of dexterity
 Y - an uncursed ring of protection from cold
Wands
 f - a wand of polymorph (6)
 j - a wand of flame (37)
 u - a wand of digging (12)
 y - a wand of clouds (6)
 B - a wand of acid (13)
 G - a wand of enslavement (5)
 N - a wand of disintegration (54)
 P - a wand of paralysis (12)
 U - a wand of iceblast (9)
Scrolls
 g - 10 scrolls of remove curse
 h - 6 scrolls of identify
 o - 16 scrolls of teleportation
 q - 6 scrolls of magic mapping
 x - 6 scrolls of fear
 K - 3 scrolls of blinking
 S - 3 scrolls of fog
 Z - a scroll of summoning
Potions
 a - 5 potions of heal wounds
 e - 7 potions of curing
 i - a potion of ambrosia
 l - 2 potions of might
 m - 7 potions of berserk rage
 t - 5 potions of haste
 w - 2 potions of lignification
 I - 5 potions of cancellation
 M - a potion of resistance
 X - 2 potions of mutation
Comestibles
 d - 70 rations


   Skills:
 + Level 16.6 Fighting
 - Level 1.7 Throwing
 - Level 2.4 Dodging
 * Level 20.7 Unarmed Combat


You had 14 spell levels left.
You didn't know any spells.
Your spell library contained the following spells:

 Spells                   Type           Power        Failure   Level
 Magic Dart               Conj           #...         100%        1
 Sting                    Tmut/Pois      #...         100%        1
 Summon Small Mammal      Summ           #...         100%        1
 Call Imp                 Summ           #.......     100%        2
 Poisonous Vapours        Pois/Air       #.....       100%        2
 Searing Ray              Conj           #.....       100%        2
 Call Canine Familiar     Summ           #.......     100%        3
 Confusing Touch          Hex            #.......     100%        3
 Dazzling Flash           Conj/Hex       #.....       100%        3
 Gell's Gravitas          Tloc           #.........   100%        3
 Ignite Poison            Fire/Tmut/Pois #.......     100%        3
 Mephitic Cloud           Conj/Pois/Air  #.......     100%        3
 Summon Guardian Golem    Hex/Summ       #.......     100%        3
 Fulminant Prism          Conj/Hex       #.........   100%        4
 Iskenderun's Mystic Bla  Conj/Tloc      #.......     100%        4
 Leda's Liquefaction      Hex/Erth       #.........   100%        4
 Olgreb's Toxic Radiance  Pois           #.......     100%        4
 Petrify                  Tmut/Erth      #.......     100%        4
 Summon Ice Beast         Ice/Summ       #.......     100%        4
 Summon Lightning Spire   Summ/Air       #.......     100%        4
 Bolt of Magma            Conj/Fire/Erth #.........   100%        5
 Metabolic Englaciation   Hex/Ice        #.........   100%        5
 Yara's Violent Unravell  Hex/Tmut       #.........   100%        5
 Iron Shot                Conj/Erth      #.........   100%        6
 Shatter                  Erth           #.........   100%        9
 Statue Form              Tmut/Erth      Unusable     N/A         6

Dungeon Overview and Level Annotations

Branches:
Dungeon (15/15)            Temple (1/1) D:5            Lair (6/6) D:11
  Swamp (0/4) Lair:3       Spider (0/4) Lair:2        Slime (0/5) Lair:6
    Orc (0/2) D:10         Vaults (0/5) D:13         Depths (0/5) D:15
Volcano (visited)

Altars:
Ashenzari
Cheibriados
Dithmenos
Elyvilon
Fedhas
Gozag
Hepliaklqana
Kikubaaqudgha
Makhleb
Nemelex Xobeh
Okawaru
Qazlal
Ru
Sif Muna
Trog
Uskayaw
Vehumet
Wu Jian
Xom
Yredelemnul
Zin
The Shining One
Jiyva

Shops:
D:6 *(   D:7 *

Portals:
Hell: Lair:6

Annotations:
Lair:6 1 runed translucent door


Innate Abilities, Weirdness & Mutations

You are resistant to torment.
Your stone body is resilient. (AC +11)
You are immune to poison.
Your large and strong wings let you fly indefinitely.
You resist negative energy. (rN+)
You are resistant to electric shocks. (rElec)
You can survive without breathing.
You are immune to petrification.
You are immune to rotting.


Message History

The phantasmal warrior is heavily damaged.
The phantasmal warrior closely misses you.
The phantasmal warrior hits you but does no damage.
You hit the phantasmal warrior but do no damage.
The phantasmal warrior is heavily damaged.
Your plate armour prevents you from hitting the phantasmal warrior.
The phantasmal warrior is heavily damaged.
The phantasmal warrior barely misses you.
The phantasmal warrior hits you!
* * * LOW HITPOINT WARNING * * *
You pummel the phantasmal warrior!!
You destroy the phantasmal warrior!
Makhleb accepts your kill.
You feel better.
You hit the phantasmal warrior.
The phantasmal warrior is lightly damaged.
You hit the phantasmal warrior but do no damage.
The phantasmal warrior is lightly damaged.
The phantasmal warrior hits you!!
You die...

#... ... #..
#).########'
#
#...........
##
##...(......
##.
#...........
#.. #...@).#
#.. #...W..#
#....#..
#......#
#....#..
###....#
#....#..
#....#
#...[##.
#....#
#.....##
#....#
#......#
#....#
#......#
#....#
#......#


You could see a phantasmal warrior.

Vanquished Creatures
  Nessos (D:13)
  A dire elephant (Lair:6)
  A minotaur (Lair:1)
  Snorg (Lair:4)
  2 fire dragons
  A yaktaur captain (D:13)
  Erolcha (D:12)
  Harold (D:10)
  7 hydras
  The ghost of Fedex the Magician, a journeyman GnWr of Okawaru (Lair:1)
  An ice dragon (D:15)
  3 centaur warriors
  A death knight (D:15)
  3 two-headed ogres
  A death yak (Lair:5)
  Urug (D:10)
  2 tengu warriors
  A sun demon (Lair:6)
  A skeletal warrior (D:15)
  3 unseen horrors
  3 lindwurms
  A wizard (Lair:6)
  A phantasmal warrior (D:15)
  A harpy (shapeshifter) (D:13)
  3 deep elf magi
  A manticore (D:14)
  An oklob plant (Lair:4)
  5 ugly things
  3 cyclopes
  4 black mambas
  A molten gargoyle (Volcano)
  Maurice (D:12)
  9 elephants (Lair:6)
  Joseph (D:10)
  An orange demon (Lair:6)
  2 gargoyles
  A torpor snail (Lair:6)
  A smoke demon (Lair:6)
  16 cane toads
  9 komodo dragons
  2 rime drakes
  4 centaur skeletons
  An efreet (D:13)
  2 yaktaurs (D:13)
  A kobold demonologist (D:11)
  3 ice devils (Lair:6)
  2 red devils (Lair:6)
  5 jumping spiders (Lair:2)
  7 trolls
  2 polar bears (Lair:5)
  3 meliai (D:14)
  A hornet (Lair:5)
  Grinder (D:4)
  14 blink frogs
  12 hippogriffs
  6 dream sheep (Lair:4)
  3 meliai zombies
  2 redbacks (Lair:2)
  Sigmund (D:6)
  A vampire (D:14)
  A shadow (D:9)
  A tarantella (shapeshifter) (D:13)
  4 wyverns
  6 fire bats (Volcano)
  A wraith (D:9)
  5 basilisks
  Grum (Lair:1)
  18 yaks
  2 chaos spawn (D:11)
  A steam dragon (D:12)
  Edmund (D:4)
  An acid dragon (D:12)
  15 water moccasins
  6 hell hounds
  8 porcupines
  6 sky beasts
  2 black bears (D:9)
  8 orc warriors
  4 phantoms
  A swamp drake (Lair:3)
  5 ice beasts
  4 boggarts (D:15)
  14 centaurs
  7 ogres
  55 wolves
  16 crocodiles
  9 bullfrogs
  4 big kobolds
  5 scorpions
  26 killer bees
  15 wights
  5 howler monkeys
  6 lava snakes (Volcano)
  2 quasits
  3 jellies
  4 centaur zombies
  3 orc priests
  A gnoll shaman (D:8)
  6 hounds
  2 bullfrog skeletons
  Terence (D:2)
  Natasha (thrice) (D:2)
  2 hell rats (Lair:1)
  3 iguanas
  11 orc wizards
  7 worker ants
  2 killer bee zombies
  A hound skeleton (D:10)
  A mummy (D:6)
  A worker ant zombie (D:6)
  2 howler monkey zombies
  4 gnolls (D:8)
  11 river rats (Lair:1)
  9 adders
  A shadow imp (D:9)
  3 white imps
  2 ufetubi
  4 oozes
  2 adder skeletons
  2 worms
  A dart slug (D:1)
  2 leopard geckos
  38 orcs
  A ball python (D:4)
  3 bats
  A bat zombie (D:2)
  3 giant cockroaches
  9 goblins
  7 hobgoblins
  13 jackals
  18 kobolds
  2 quokkas
  4 frilled lizards
  A quokka zombie (D:5)
  7 rats
  4 rat zombies (D:2)
642 creatures vanquished.

Vanquished Creatures (others)
  A cane toad (Lair:3)
  23 fungi
  A plant (Lair:1)
25 creatures vanquished.

Grand Total: 667 creatures vanquished

Notes
Turn   | Place    | Note
-------+----------+-------------------------------------------
     0 | D:1      | HoaS the Gargoyle Gladiator began the quest for the Orb.
     0 | D:1      | Reached XP level 1. HP: 12/12 MP: 1/1
   224 | D:1      | Reached XP level 2. HP: 18/18 MP: 2/2
   467 | D:1      | Reached XP level 3. HP: 22/22 MP: 3/3
   754 | D:1      | Reached skill level 4 in Unarmed Combat
  1010 | D:2      | Noticed Terence
  1057 | D:2      | Killed Terence
  1057 | D:2      | Reached XP level 4. HP: 15/28 MP: 2/4
  1289 | D:2      | Noticed Natasha
  1305 | D:2      | Killed Natasha
  1457 | D:2      | Reached XP level 5. HP: 30/32 MP: 5/5
  1459 | D:2      | Found an ancient bone altar of Kikubaaqudgha.
  1580 | D:2      | Noticed Natasha
  1609 | D:2      | Killed Natasha
  1609 | D:2      | Reached skill level 5 in Unarmed Combat
  1625 | D:2      | Noticed Natasha
  1631 | D:2      | Killed Natasha
  2433 | D:3      | Reached XP level 6. HP: 22/38 MP: 2/6
  2699 | D:4      | Noticed Edmund
  2724 | D:4      | Killed Edmund
  2724 | D:4      | Reached skill level 6 in Unarmed Combat
  2748 | D:4      | Noticed Grinder
  2761 | D:4      | Killed Grinder
  2761 | D:4      | Reached skill level 5 in Fighting
  2761 | D:4      | Reached XP level 7. HP: 40/44 MP: 7/7
  2801 | D:4      | Reached skill level 7 in Unarmed Combat
  2899 | D:4      | Noticed a +0 dagger
  2899 | D:4      | Noticed a +0 hand axe
  2901 | D:4      | Found a hide-covered altar of Uskayaw.
  3162 | D:4      | Reached XP level 8. HP: 45/51 MP: 6/8
  3402 | D:5      | Entered Level 5 of the Dungeon
  3435 | D:5      | Found a staircase to the Ecumenical Temple.
  3454 | Temple   | Entered the Ecumenical Temple
  3571 | D:5      | Reached skill level 8 in Unarmed Combat
  4431 | D:6      | Noticed Sigmund
  4607 | D:6      | Killed Sigmund
  4607 | D:6      | Reached skill level 9 in Unarmed Combat
  4612 | D:6      | Found a burning altar of Makhleb.
  4622 | D:6      | Became a worshipper of Makhleb the Destroyer
  4953 | D:6      | Found a shattered altar of Ashenzari.
  5056 | D:6      | Reached XP level 9. HP: 55/57 MP: 9/9
  5092 | D:6      | Found Wybilil's Assorted Antiques.
  5166 | D:6      | Found a basalt altar of Yredelemnul.
  5618 | D:6      | Found Nyukhug's Weapon Boutique.
  5726 | D:6      | Found a snail-covered altar of Cheibriados.
  5931 | D:7      | Reached skill level 10 in Unarmed Combat
  6425 | D:7      | Found a sparkling altar of Nemelex Xobeh.
  6527 | D:7      | Reached * piety under Makhleb
  6730 | D:7      | Found Tuippous's Assorted Antiques.
  6805 | D:7      | Found an opulent altar of Gozag.
  6897 | D:7      | Reached skill level 11 in Unarmed Combat
  7624 | D:8      | Found a sacrificial altar of Ru.
  8090 | D:9      | Noticed a troll
  8105 | D:8      | Killed a troll
  8116 | D:9      | Reached XP level 10. HP: 66/66 MP: 10/10
  8196 | D:9      | Found a sparkling altar of Nemelex Xobeh.
  8251 | D:9      | Reached skill level 12 in Unarmed Combat
  8381 | D:9      | Noticed a two-headed ogre
  8400 | D:9      | Killed a two-headed ogre
  8400 | D:9      | Reached ** piety under Makhleb
  8403 | D:9      | Reached skill level 10 in Fighting
  8433 | D:9      | Noticed a deep elf mage
  8440 | D:9      | Killed a deep elf mage
  8784 | D:9      | Reached skill level 13 in Unarmed Combat
  8823 | D:9      | Found a shadowy altar of Dithmenos.
  8885 | D:9      | Reached XP level 11. HP: 71/73 MP: 11/11
  9195 | D:10     | Entered Level 10 of the Dungeon
  9305 | D:10     | Noticed Harold
  9331 | D:10     | Killed Harold
  9410 | D:10     | Reached skill level 14 in Unarmed Combat
  9467 | D:10     | Found a staircase to the Orcish Mines.
  9474 | D:10     | Reached *** piety under Makhleb
  9608 | D:10     | Noticed Urug
  9644 | D:10     | Killed Urug
 10084 | D:10     | Noticed a two-headed ogre
 10095 | D:10     | Killed a two-headed ogre
 10330 | D:10     | Noticed Joseph
 10355 | D:10     | Killed Joseph
 10422 | D:11     | Noticed a four-headed hydra
 10431 | D:11     | Killed a four-headed hydra
 10483 | D:11     | Noticed a two-headed ogre
 10488 | D:11     | Killed a two-headed ogre
 10488 | D:11     | Reached skill level 15 in Unarmed Combat
 10488 | D:11     | Reached XP level 12. HP: 75/81 MP: 12/12
 10514 | D:11     | Found a staircase to the Lair.
 10585 | D:11     | Reached **** piety under Makhleb
 10648 | D:11     | Noticed a five-headed hydra
 10655 | D:11     | Killed a five-headed hydra
 10991 | D:11     | Found a shimmering altar of Xom.
 10992 | D:11     | Found the +7 mace of Variability {chain chaos}
 11162 | Lair:1   | Entered Level 1 of the Lair of Beasts
 11173 | Lair:1   | Found a dark tunnel.
 11182 | Volcano  | Entered a volcano
 11752 | Volcano  | Found a radiant altar of Vehumet.
 11988 | Volcano  | Noticed a fire dragon
 12006 | Volcano  | Killed a fire dragon
 12561 | Lair:1   | Reached skill level 16 in Unarmed Combat
 12693 | Lair:1   | Noticed Fedex's ghost (journeyman GnWr)
 12724 | Lair:1   | Noticed Grum
 12764 | Lair:1   | Killed Grum
 12772 | Lair:1   | Found a sacrificial altar of Ru.
 12795 | Lair:1   | Found a runed translucent gate.
 12795 | Lair:1   | Found a runed translucent gate.
 12796 | Lair:1   | Found a runed translucent gate.
 12798 | Lair:1   | Noticed a minotaur
 12914 | Lair:1   | Reached ***** piety under Makhleb
 13358 | Lair:2   | Noticed a six-headed hydra
 13382 | Lair:2   | Killed a six-headed hydra
 13395 | Lair:2   | Reached XP level 13. HP: 85/88 MP: 13/13
 13851 | Lair:2   | Found a hole to the Spider Nest.
 14159 | Lair:3   | Reached skill level 17 in Unarmed Combat
 14658 | Lair:3   | Found a staircase to the Swamp.
 15553 | Lair:4   | Noticed Snorg
 15572 | Lair:4   | Killed Snorg
 16193 | Lair:4   | Found a hide-covered altar of Uskayaw.
 16205 | Lair:4   | Reached skill level 18 in Unarmed Combat
 16602 | Lair:5   | Reached ****** piety under Makhleb
 16621 | Lair:5   | Gained mutation: Your large and strong wings let you fly
                  | indefinitely. [Gargoyle growth]
 16621 | Lair:5   | Reached XP level 14. HP: 96/96 MP: 14/14
 17217 | Lair:6   | Entered Level 6 of the Lair of Beasts
 17324 | Lair:6   | Reached skill level 15 in Fighting
 17687 | Lair:6   | Reached skill level 19 in Unarmed Combat
 17918 | Lair:6   | Noticed a dire elephant
 17936 | Lair:6   | Killed a dire elephant
 18291 | Lair:6   | Found a burning altar of Makhleb.
 18382 | Lair:6   | Found a gateway to Hell.
 18687 | Lair:6   | Found a runed translucent door.
 18688 | Lair:6   | Found a viscous altar of Jiyva.
 18688 | Lair:6   | Noticed an acid blob
 18688 | Lair:6   | Noticed an acid blob
 18690 | Lair:6   | Found a staircase to the Slime Pits.
 19163 | Lair:1   | Killed Fedex's ghost
 19289 | D:12     | Reached XP level 15. HP: 104/104 MP: 15/15
 19483 | D:12     | Noticed Maurice
 19504 | D:12     | Killed Maurice
 19511 | D:12     | Noticed Erolcha
 19523 | D:12     | Killed Erolcha
 19711 | D:12     | Reached skill level 20 in Unarmed Combat
 20547 | D:13     | Found a gate to the Vaults.
 20592 | D:13     | Noticed Nessos
 20606 | D:13     | Killed Nessos
 21055 | D:14     | You are sucked into a shaft and drop 1 floor!
 21055 | D:15     | Entered Level 15 of the Dungeon
 21764 | D:15     | Found a staircase to the Depths.
 21857 | D:15     | HP: 1/105 [phantasmal warrior[a death knight] (23)]
 21874 | D:15     | Slain by a phantasmal warrior

Illustrated notes

Levels and vault maps discovered:
D:1:      saegor_arrival_simple_c, layout_loops_cross
D:2:      layout_loops_cross, lemuel_zombie_altar_kikubaaqudgha, uniq_natasha,
          uniq_terence
D:3:      layout_basic, first_ration, due_unseen_surprise
D:4:      layout_loops_ring, dancing_weapons_uskayaw, uniq_edmund, uniq_grinder
D:5:      layout_basic, temple_pool_b
D:6:      layout_cave_pods, kennysheep_mini_moat, makhleb_heckhound_becter,
          old_standard_altar, serial_shops, shop, shop, chei_slow_surprise,
          uniq_sigmund
D:7:      layout_loops_ring, nemelex_xobeh_ov_fountains_minmay,
          lemuel_doored_altar, serial_shops, shop_statue,
          minmay_misc_feat_encased
D:8:      layout_loops_corners, marbit_many_paths
D:9:      minmay_the_grid_3x3 [minmay_the_grid_spin_star, minmay_the_grid_mess,
          minmay_the_grid_garden, minmay_the_grid_stretched_grid,
          minmay_the_grid_minigrid_large, minmay_the_grid_empty,
          minmay_the_grid_expand, minmay_the_grid_broken_lines,
          minmay_the_grid_prize_big_room], layout_rooms,
          nicolae_dithmenos_shadow_blocks, basic_altar
D:10:     layout_roguey, david_orc_2, minmay_diced_spiral, uniq_harold,
          uniq_joseph, uniq_urug
D:11:     layout_roguey, minmay_guarded_unrand_variability
D:12:     layout_loops_ring, grunt_tengu_nest, kennysheep_path_1,
          serial_park_tiny_2, uniq_erolcha, uniq_maurice
D:13:     layout_stronghold, david_vaults_2, serial_column_ruins,
          column_ruins_open_tiny, column_ruins_grid_3,
          column_ruins_corridor_corner, column_ruins_open_large,
          column_ruins_columns_straight, uniq_nessos
D:14:     layout_cave_pools, minmay_misc_feat_enclosed
D:15:     grunt_enter_depths_hoard, layout_irregular_city
Temple:   cyrus_circular_temple
Lair:1:   layout_regular_city, basic_altar, enter_volcano_1,
          maelrawn_ghost_gauntlet_escape, kennysheep_rathole, uniq_grum
Lair:2:   layout_loops_ring, nicolae_spider_entry_tight_spaces
Lair:3:   layout_cave_pods, minmay_swamp_entry_reptiles,
          chequers_serial_rivers_room_b
Lair:4:   layout_loops_ring, lemuel_oklob_altar, uniq_snorg
Lair:5:   layout_hall_layers, grunt_forest_large_clearings
Lair:6:   evil_forest, layout_cave_pods, slime_altar_2, grunt_megastairs_3

Skill      XL: |  1  2  3  4  5  6  7  8  9 10 11 12 13 14 15 |
---------------+----------------------------------------------+-----
Unarmed Combat | 4 5 6 7 9 11 13 15 16 18 19 20 | 20.7
Fighting       | 3 4 5 7 9 10 11 13 14 15 16 | 16.6
Throwing       | |  1.7
Dodging        | |  2.4

Action                   |  1- 3 |  4- 6 |  7- 9 | 10-12 | 13-15 || total
-------------------------+-------+-------+-------+-------+-------++-------
Melee: Unarmed           |   151 |   203 |   438 |   745 |  1302 ||  2839
       Punch             |     2 |     6 |    23 |    34 |    84 ||   149
Throw: Throwing net      |       |     2 |       |     4 |     1 ||     7
       Dart              |       |       |     4 |       |     4 ||     8
 Abil: Fly               |       |       |       |       |     1 ||     1
Evoke: Wand              |       |     5 |       |       |     7 ||    12
  Use: Scroll            |     7 |     7 |     3 |    15 |     2 ||    34
       Potion            |       |       |     1 |     1 |     1 ||     3
 Stab: Sleeping          |     1 |       |       |       |       ||     1
       Confused          |       |       |       |       |     1 ||     1
       Held in net/web   |       |       |       |       |     1 ||     1
  Eat: Ration            |       |     3 |     4 |     4 |     7 ||    18
Armor: Leather armour    |    10 |       |       |       |       ||    10
       Scale mail        |    56 |    66 |       |       |       ||   122
       Chain mail        |       |    20 |   301 |   122 |       ||   443
       Plate armour      |       |       |       |   391 |   915 ||  1306
Dodge: Dodged            |    65 |    69 |   188 |   318 |   735 ||  1375

Table legend:
 A = Non-vault XP
 B = Vault XP
 C = Vault XP percentage of total XP
 D = Non-vault monster count
 E = Vault monster count
 F = Vault count percentage of total count
                 A         B        C        D         E       F
            +---------+---------+-------+---------+---------+-------
      Total |   74831 |   43442 |  36.7 |     466 |     177 |  27.5
            +---------+---------+-------+---------+---------+-------
        D:1 |      59 |       0 |   0.0 |      23 |       0 |   0.0
        D:2 |      99 |      80 |  44.7 |      17 |       7 |  29.2
        D:3 |      93 |       0 |   0.0 |      21 |       0 |   0.0
        D:4 |     471 |     454 |  49.1 |      15 |       2 |  11.8
        D:5 |     750 |      43 |   5.4 |      19 |       1 |   5.0
        D:6 |     337 |     238 |  41.4 |      12 |       2 |  14.3
        D:7 |    1357 |       0 |   0.0 |      25 |       0 |   0.0
        D:8 |     609 |       0 |   0.0 |       9 |       0 |   0.0
        D:9 |    2217 |    3506 |  61.3 |      35 |      22 |  38.6
       D:10 |    2379 |    3625 |  60.4 |      27 |      13 |  32.5
       D:11 |    5080 |     359 |   6.6 |      26 |       2 |   7.1
       D:12 |    5654 |    2107 |  27.1 |      33 |       3 |   8.3
       D:13 |    5798 |    3029 |  34.3 |      26 |       4 |  13.3
       D:14 |    7605 |       0 |   0.0 |      24 |       0 |   0.0
       D:15 |    5979 |    2033 |  25.4 |      19 |       2 |   9.5
     Lair:1 |    1852 |    3432 |  65.0 |       8 |      21 |  72.4
     Lair:2 |    4399 |    1988 |  31.1 |      15 |       7 |  31.8
     Lair:3 |    4437 |     321 |   6.7 |      20 |       4 |  16.7
     Lair:4 |    8982 |    1671 |  15.7 |      38 |       2 |   5.0
     Lair:5 |    4065 |    5634 |  58.1 |      13 |      39 |  75.0
     Lair:6 |   12609 |   10531 |  45.5 |      41 |      28 |  40.6
    Volcano |       0 |    4391 | 100.0 |       0 |      18 | 100.0
            +---------+---------+-------+---------+---------+-------
